 Dungeon Crawl Stone Soup version 0.21.0 (webtiles) character file.

38887 Timinator the Martial Artist (level 13, -14/104 HPs)
             Began as a Vampire Transmuter on Jan 27, 2018.
             Was a High Priest of Kikubaaqudgha.
             Killed from afar by a hellion (17 damage)
             ... with damnation
             ... on level 3 of the Abyss on Feb 7, 2018.
             The game lasted 02:39:59 (15319 turns).

Timinator the Martial Artist (Vampire Transmuter)  Turns: 15319, Time: 02:39:59

Health: -14/104    AC:  5    Str: 11    XL:     13   Next: 66%
Magic:  23/23      EV: 22    Int: 16    God:    Kikubaaqudgha [*****.]
Gold:   1804       SH:  0    Dex: 19    Spells: 0/26 levels left

rFire    + . .     SeeInvis +     - Unarmed
rCold    . . .     Gourm    .   (shield currently unavailable)
rNeg     + . .     Faith    .   y - +2 robe {MR+}
rPois    .         Spirit   .   J - +1 hat {MR+}
rElec    +         Reflect  .   N - scarf {repulsion}
rCorr    .         Harm     .   (gloves currently unavailable)
MR       +++..                  (no boots)
Stlth    ++........             G - amulet of rage
HPRegen  0.27/turn              m - ring of protection from fire
MPRegen  0.18/turn              I - ring of Juec {rElec Str+2}

@: blade hands (expiring), berserk cooldown, slowed, silenced, repel missiles,
very slow
A: fangs 3, see invisible, unbreathing
a: Bat Form, End Transformation, Renounce Religion, Evoke Berserk Rage


You were on level 3 of the Abyss.
You worshipped Kikubaaqudgha.
Kikubaaqudgha was extremely pleased with you.
You were not thirsty.
You had blades for hands.
You visited 2 branches of the dungeon, and saw 14 of its levels.
You visited the Abyss 1 time.

You collected 1804 gold pieces.

Inventory:

Armour
 b - a +0 robe of positive energy
 g - a +2 cloak
 n - a +1 pair of gloves of strength (melded)
 y - a +2 robe of magic resistance (worn)
 J - a +1 hat of magic resistance (worn)
 N - a scarf of repulsion (worn)
Jewellery
 m - a ring of protection from fire (left scythe-like blade)
 B - an uncursed amulet of faith {unknown}
 F - an uncursed ring of protection from fire
 G - an amulet of rage (around neck)
 I - the ring of Juec (right scythe-like blade) {rElec Str+2}
   (You took it off a wight on level 11 of the Dungeon)

   [ring of strength]

   It affects your strength (+2).
   It insulates you from electricity.
 M - a cursed amulet of regeneration {unknown}
Wands
 e - a wand of flame (11)
 k - a wand of disintegration (9)
 w - a wand of acid (5)
 x - a wand of enslavement (25)
 E - a wand of polymorph (12)
Scrolls
 h - 9 scrolls of teleportation
 i - 6 scrolls of remove curse
 l - a scroll of enchant armour
 p - 2 scrolls of enchant weapon
 z - 2 scrolls of fog
 K - a scroll of holy word {unknown}
Potions
 a - a potion of invisibility
 d - 16 potions of blood
 f - a potion of resistance
 j - 3 potions of lignification
 r - 2 potions of cancellation
 s - 2 potions of brilliance
 u - 2 potions of degeneration {unknown}
 v - 3 potions of curing
 D - a potion of mutation {unknown}
 H - a potion of agility {unknown}
Books
 c - a book of Changes

   Spells                             Type                      Level
   a - Beastly Appendage              Transmutation                1
   b - Sticks to Snakes               Transmutation                2
   c - Spider Form                    Transmutation/Poison         3
   d - Ice Form                       Ice/Transmutation            4
   e - Blade Hands                    Transmutation                5
 o - a book of Minor Magic

   Spells                             Type                      Level
   a - Magic Dart                     Conjuration                  1
   b - Blink                          Translocation                2
   c - Call Imp                       Summoning                    2
   d - Slow                           Hexes                        2
   e - Conjure Flame                  Conjuration/Fire             3
   f - Mephitic Cloud                 Conjuration/Poison/Air       3
 t - a book of Misfortune

   Spells                             Type                      Level
   a - Confusing Touch                Hexes                        1
   b - Confuse                        Hexes                        3
   c - Gell's Gravitas                Translocation                3
   d - Petrify                        Transmutation/Earth          4
   e - Metabolic Englaciation         Hexes/Ice                    5
   f - Yara's Violent Unravelling     Hexes/Transmutation          5
 C - Kikubaaqudgha's Grimoire of Necromancy
   (Kikubaaqudgha gifted it to you on level 11 of the Dungeon)

   Spells                             Type                      Level
   a - Animate Dead                   Necromancy                   4
   b - Excruciating Wounds            Charms/Necromancy            5
   c - Bolt of Draining               Conjuration/Necromancy       5
   d - Agony                          Necromancy                   5
   e - Dispel Undead                  Necromancy                   5
 L - a book of Transfigurations

   Spells                             Type                      Level
   a - Irradiate                      Conjuration/Transmutation    5
   b - Statue Form                    Transmutation/Earth          6
   c - Hydra Form                     Transmutation                6
   d - Dragon Form                    Transmutation                7


   Skills:
 * Level 10.4 Fighting
 * Level 12.0 Dodging
 * Level 12.4 Unarmed Combat
 - Level 7.2 Spellcasting
 - Level 6.1 Necromancy
 + Level 9.8 Transmutations
 * Level 4.0 Earth Magic
 - Level 4.3 Evocations


You couldn't memorise any spells.
You knew the following spells:

 Your Spells              Type           Power        Failure   Level  Hunger
a - Beastly Appendage     Tmut           #####.       9%          1    None
b - Blade Hands           Tmut           #####.....   36%         5    #####..
c - Ice Form              Ice/Tmut       ###.....     56%         4    ####...
d - Confusing Touch       Hex            #.....       50%         1    None
e - Blink                 Tloc           N/A          61%         2    None
f - Regeneration          Chrm/Necr      ###.......   47%         3    ##.....
g - Animate Dead          Necr           N/A          45%         4    ####...
h - Statue Form           Tmut/Erth      ####.....    96%         6    #######


Dungeon Overview and Level Annotations

Branches:
Dungeon (13/15)            Temple (0/1) D:7            Lair (0/6) D:9
    Orc (1/2) D:11
 Vaults: D:13-14

Altars:
Ashenzari
Cheibriados
Dithmenos
Gozag
Hepliaklqana
Kikubaaqudgha
Makhleb
Nemelex Xobeh
Okawaru
Wu Jian
Xom
Yredelemnul

Shops:
D:7 (?(   Orc:1 ?


Innate Abilities, Weirdness & Mutations

You have razor-sharp teeth.
You have supernaturally acute eyesight. (SInv)
You can survive without breathing.


Message History

The damnation engulfs the hellion.
The hellion completely resists.
You feel much better. The hellion gestures at you.
The sphere of damnation explodes!
The damnation engulfs you!
* * * LOW HITPOINT WARNING * * *
The damnation engulfs the hellion.
The hellion completely resists.
A deafening chorus of shrieks assaults your mind!
* * * LOW HITPOINT WARNING * * *
A starcursed mass splits.
A raiju comes into view.
As you read the scroll of fear, it crumbles to dust.
You assume a fearsome visage.
The starcursed mass is unaffected.
The hellion is unaffected.
The raiju looks frightened!
The starcursed mass is unaffected. x5; The hellion completely misses you.
A deafening chorus of shrieks assaults your mind!
* * * LOW HITPOINT WARNING * * *
The hellion gestures at you.
The sphere of damnation explodes!
The damnation engulfs you!
You die...
Kikubaaqudgha rasps: "You have failed me!
Welcome... oblivion!"

### #@#
##2# X#
...2..XX
# ..
##....#
.#
...#.#
..#..#X
...#.h
X.
.#.....
.


You could see 5 starcursed masses, a hellion and a raiju (fleeing).

Vanquished Creatures
  Gastronok (D:11)
  A white draconian (Abyss:3)
  Josephine (D:11)
  Erolcha (D:11)
  Fannar (D:11)
  Erica (D:8)
  4 two-headed ogres
  3 death yaks
  A sixfirhy (Abyss:3)
  2 unseen horrors
  4 deep elf magi
  3 ugly things (D:11)
  4 cyclopes
  A worldbinder (Abyss:3)
  4 manticores
  Maurice (Orc:1)
  2 gargoyles (D:11)
  A yaktaur (D:11)
  2 centaur skeletons (D:11)
  A komodo dragon (D:10)
  5 trolls
  An ancient zyme (Abyss:3)
  Grinder (D:6)
  4 raiju (Abyss:3)
  4 hippogriffs
  5 slime creatures (D:11)
  5 flying skulls
  2 vampires (D:12)
  A ynoxinul (Abyss:3)
  Sigmund (D:4)
  3 wraiths (D:11)
  2 wyverns
  2 large abominations (Abyss:3)
  22 yaks
  2 humans (D:7)
  A chaos spawn (Abyss:3)
  A hungry ghost (D:9)
  A steam dragon (D:8)
  3 vampire mosquitoes (D:12)
  A warg (Orc:1)
  3 insubstantial wisps (Abyss:2)
  2 porcupines (D:8)
  A water moccasin (D:12)
  7 ice beasts
  4 sky beasts
  A swamp dragon zombie (Abyss:3)
  11 orc warriors
  An eye of draining (D:10)
  2 necrophages (D:8)
  An ogre (shapeshifter) (D:11)
  A phantom (D:10)
  7 ogres
  9 centaurs
  3 big kobolds
  3 crocodiles
  10 bullfrogs
  3 scorpions
  A killer bee (D:11)
  2 wights
  2 howler monkeys
  2 bullfrog zombies
  3 crimson imps
  3 centaur zombies (D:11)
  A jelly (D:7)
  3 bullfrog skeletons
  Crazy Yiuf (D:3)
  15 orc priests
  3 hounds
  21 orc wizards
  7 worker ants
  7 iguanas
  A hell rat (D:8)
  2 worker ant zombies (D:5)
  A howler monkey skeleton (D:9)
  8 gnolls
  10 adders
  A river rat (D:8)
  2 shadow imps
  An ufetubus (Abyss:3)
  An adder zombie (D:5)
  An adder skeleton (D:6)
  4 dart slugs
  4 worms
  3 leopard geckos
  85 orcs
  7 giant cockroaches
  7 goblins
  5 hobgoblins
  16 jackals
  10 quokkas
  9 bats
  4 frilled lizards
  3 jackal skeletons
  9 kobolds
  A quokka skeleton (D:4)
  10 rats
451 creatures vanquished.

Vanquished Creatures (collateral kills)
  A two-headed ogre (D:10)
1 creature vanquished.

Vanquished Creatures (others)
  An unseen horror (D:12)
  A troll (D:12)
  A golden eye (shapeshifter) (D:12)
  A black bear (D:12)
  A bullfrog (D:12)
  A scorpion (D:12)
  A hound (D:12)
  A jelly (D:11)
  A worker ant (D:12)
  2 orcs (D:12)
  2 starspawn tentacles (Abyss:3)
13 creatures vanquished.

Grand Total: 465 creatures vanquished

Notes
Turn   | Place    | Note
-------+----------+-------------------------------------------
     0 | D:1      | Timinator the Vampire Transmuter began the quest for the Orb.
     0 | D:1      | Reached XP level 1. HP: 14/14 MP: 3/3
    97 | D:1      | Reached skill level 1 in Fighting
   356 | D:1      | Reached XP level 2. HP: 8/22 MP: 1/5
  1124 | D:1      | Reached XP level 3. HP: 18/27 MP: 4/6
  1455 | D:2      | Reached XP level 4. HP: 23/33 MP: 5/7
  2227 | D:2      | Reached XP level 5. HP: 31/39 MP: 9/9
  2410 | D:3      | Noticed an ogre
  2496 | D:3      | Killed an ogre
  2725 | D:3      | Reached XP level 6. HP: 37/46 MP: 10/10
  2877 | D:3      | Found a runed door.
  2881 | D:3      | Noticed Crazy Yiuf
  2885 | D:3      | Killed Crazy Yiuf
  2984 | D:3      | Learned a level 5 spell: Blade Hands
  2989 | D:3      | Learned a level 4 spell: Ice Form
  3268 | D:4      | Learned a level 1 spell: Confusing Touch
  3622 | D:4      | Found a burning altar of Makhleb.
  3766 | D:4      | Noticed Sigmund
  3787 | D:4      | Killed Sigmund
  3787 | D:4      | Reached skill level 5 in Unarmed Combat
  3787 | D:4      | Reached XP level 7. HP: 46/52 MP: 7/12
  4135 | D:5      | Entered Level 5 of the Dungeon
  4730 | D:5      | Found a shadowy altar of Dithmenos.
  5176 | D:6      | Reached XP level 8. HP: 52/60 MP: 11/13
  5365 | D:6      | Reached skill level 5 in Dodging
  5365 | D:6      | Reached skill level 5 in Transmutations
  5661 | D:6      | Learned a level 2 spell: Blink
  5663 | D:6      | Noticed Grinder
  5674 | D:6      | Killed Grinder
  5752 | D:6      | Found an iron altar of Okawaru.
  6136 | D:7      | Found Tamiu's Weapon Emporium.
  6176 | D:7      | Found an iron altar of Okawaru.
  6237 | D:7      | Reached skill level 5 in Fighting
  6464 | D:7      | Found Roatt's Magic Scroll Boutique.
  6577 | D:7      | Found a shattered altar of Ashenzari.
  6586 | D:7      | Found a snail-covered altar of Cheibriados.
  6589 | D:7      | Found a basalt altar of Yredelemnul.
  6592 | D:7      | Found a sparkling altar of Nemelex Xobeh.
  6773 | D:7      | Found an ancient bone altar of Kikubaaqudgha.
  6791 | D:7      | Became a worshipper of Kikubaaqudgha
  6805 | D:7      | Found a staircase to the Ecumenical Temple.
  6875 | D:7      | Found an opulent altar of Gozag.
  6983 | D:7      | Found an ornate altar of the Wu Jian Council.
  7000 | D:7      | Reached XP level 9. HP: 68/68 MP: 13/15
  7036 | D:7      | Found Qazun's Antique Weapon Shoppe.
  7230 | D:7      | Learned a level 3 spell: Regeneration
  7435 | D:8      | Noticed Erica
  7450 | D:8      | Killed Erica
  7837 | D:8      | Reached skill level 5 in Spellcasting
  7841 | D:8      | Reached XP level 10. HP: 69/77 MP: 13/17
  7892 | D:8      | Reached * piety under Kikubaaqudgha
  7892 | D:8      | Identified Kikubaaqudgha's Volume of Sinister Secrets (Kikubaaqudgha gifted it to you on level 8 of the Dungeon)
  7892 | D:8      | Received a gift from Kikubaaqudgha
  8258 | D:9      | Found a staircase to the Lair.
  8258 | D:9      | Noticed a death yak
  8258 | D:9      | Noticed a death yak
  8258 | D:9      | Noticed a two-headed ogre
  8258 | D:9      | Noticed a two-headed ogre
  8261 | D:9      | Noticed a death yak
  8265 | D:8      | Killed a two-headed ogre
  8479 | D:8      | Killed a death yak
  8503 | D:8      | Killed a two-headed ogre
  8793 | D:9      | Noticed an unseen horror
  8935 | D:8      | Killed a death yak
  8935 | D:8      | Reached skill level 1 in Necromancy
  9202 | D:8      | Reached XP level 11. HP: 71/84 MP: 11/19
  9307 | D:9      | Killed an unseen horror
  9361 | D:9      | Found a hazy altar of Hepliaklqana.
  9576 | D:9      | Killed a death yak
  9910 | D:9      | Reached ** piety under Kikubaaqudgha
 10043 | D:10     | Entered Level 10 of the Dungeon
 10099 | D:10     | Reached skill level 10 in Unarmed Combat
 10577 | D:10     | Noticed a two-headed ogre
 10601 | D:10     | Killed a two-headed ogre
 10612 | D:10     | Learned a level 4 spell: Animate Dead
 10834 | D:10     | Noticed a two-headed ogre
 10846 | D:10     | Killed a two-headed ogre
 11339 | D:11     | Reached skill level 10 in Dodging
 11339 | D:11     | Reached skill level 1 in Evocations
 11478 | D:11     | Reached XP level 12. HP: 83/94 MP: 21/21
 11479 | D:11     | Noticed Fannar
 11512 | D:11     | Killed Fannar
 11668 | D:11     | Reached skill level 5 in Necromancy
 11694 | D:11     | Noticed a five-headed hydra
 11745 | D:11     | Reached *** piety under Kikubaaqudgha
 11745 | D:11     | Identified Kikubaaqudgha's Grimoire of Necromancy (Kikubaaqudgha gifted it to you on level 11 of the Dungeon)
 11745 | D:11     | Received a gift from Kikubaaqudgha
 11747 | D:11     | Noticed Gastronok
 11923 | D:11     | Found a staircase to the Orcish Mines.
 12171 | D:11     | Got a crude platinum ring
 12178 | D:11     | Found a runed door.
 12322 | D:11     | Killed Gastronok
 12400 | D:11     | Noticed Erolcha
 12411 | D:11     | Killed Erolcha
 12743 | D:11     | Noticed Josephine
 12749 | D:11     | Killed Josephine
 12920 | D:11     | Identified the ring of Juec {rElec Str+2} (You took it off a wight on level 11 of the Dungeon)
 13065 | D:11     | Reached XP level 13. HP: 100/102 MP: 11/23
 13170 | D:11     | Learned a level 6 spell: Statue Form
 13212 | D:11     | Identified the Volume of Sinister Venom
 13507 | D:12     | Reached **** piety under Kikubaaqudgha
 13512 | D:12     | Found a shimmering altar of Xom.
 13549 | D:12     | Reached skill level 1 in Earth Magic
 14036 | D:12     | Reached skill level 10 in Fighting
 14334 | Orc:1    | Entered Level 1 of the Orcish Mines
 14340 | Orc:1    | Found Laowkaku's Magic Scroll Emporium.
 14558 | Orc:1    | Noticed Maurice
 14566 | Orc:1    | Killed Maurice
 14686 | Orc:1    | Reached ***** piety under Kikubaaqudgha
 14731 | Orc:1    | Noticed an orc warlord
 14826 | Orc:1    | Cast into level 2 of the Abyss (orc warlord)
 14826 | Abyss:2  | Found a burning altar of Makhleb.
 14986 | Abyss:3  | Noticed a tentacled starspawn
 15278 | Abyss:3  | Noticed a white draconian
 15291 | Abyss:3  | Killed a white draconian
 15311 | Abyss:3  | Noticed a starcursed mass
 15319 | Abyss:3  | HP: 3/104 [starcursed mass/accursed screaming (8)]
 15319 | Abyss:3  | Killed from afar by a hellion

Skill      XL: |  1  2  3  4  5  6  7  8  9 10 11 12 13 |
---------------+----------------------------------------+-----
Fighting       | 1 2 3 4 5 6 7 8 9 10 | 10.4
Unarmed Combat | 4 5 7 8 9 10 11 12 | 12.4
Dodging        | 3 4 6 7 8 10 11 12 | 12.0
Transmutations | 3 4 6 7 8 9 |  9.8
Spellcasting   | 3 4 5 6 7 |  7.2
Necromancy     | 1 4 6 |  6.1
Evocations     | 1 4 |  4.3
Earth Magic    | 4 |  4.0

Action                   |  1- 3 |  4- 6 |  7- 9 | 10-12 | 13-15 || total
-------------------------+-------+-------+-------+-------+-------++-------
Melee: Unarmed           |   109 |   249 |   436 |   588 |   304 ||  1686
       Bite              |    12 |    27 |    49 |    71 |    29 ||   188
       Kick              |    10 |    46 |    72 |    54 |     2 ||   184
       Punch             |     2 |     4 |    13 |    29 |    16 ||    64
       Headbutt          |       |       |     1 |     3 |     2 ||     6
 Cast: Beastly Appendage |     9 |    19 |    24 |    22 |     3 ||    77
       Confusing Touch   |       |     3 |       |     9 |     3 ||    15
       Blade Hands       |       |       |     3 |    47 |    23 ||    73
       Regeneration      |       |       |       |    13 |     9 ||    22
       Animate Dead      |       |       |       |     1 |       ||     1
       Ice Form          |       |       |       |     1 |       ||     1
 Abil: Bat Form          |       |     1 |     2 |     1 |       ||     4
       End Transformatio |       |       |     2 |    10 |     4 ||    16
       Evoke Berserk Rag |       |       |       |     1 |     3 ||     4
  Use: Scroll            |     3 |     7 |     8 |     5 |     1 ||    24
       Potion            |     2 |     4 |    16 |    26 |    14 ||    62
 Stab: Sleeping          |       |     4 |     1 |     1 |       ||     6
       Invisible         |       |     3 |       |     2 |       ||     5
       Confused          |       |     5 |       |     7 |     4 ||    16
       Distracted        |       |       |       |       |     1 ||     1
  Eat: Corpse            |     8 |    11 |     7 |    18 |     7 ||    51
Armor: Robe              |    16 |    62 |   105 |    85 |    41 ||   309
       Skin              |       |    15 |    59 |     3 |       ||    77
Dodge: Dodged            |    61 |   161 |   253 |   497 |   317 ||  1289
       Deflected         |       |       |       |       |     6 ||     6
